 Dungeon Crawl Stone Soup version 0.23.1 (webtiles) character file.

Game seed: 0

1308 KamiKatze the Destroyer (level 8, -4/46 HPs)
             Began as a Deep Elf Conjurer on Mar 1, 2019.
             Was an Initiate of Vehumet.
             Killed from afar by an electric eel (10 damage)
             ... with a bolt of electricity
             ... on level 6 of the Dungeon.
             The game lasted 00:28:17 (7112 turns).

KamiKatze the Destroyer (Deep Elf Conjurer)         Turns: 7112, Time: 00:28:18

Health: -4/46      AC:  2    Str:  5    XL:     8   Next: 32%
Magic:  15/28      EV: 13    Int: 23    God:    Vehumet [......]
Gold:   226        SH:  0    Dex: 15    Spells: 1/19 levels left

rFire    . . .     SeeInvis .   s - +1 dagger (vamp)
rCold    . . .     Gourm    .   (no shield)
rNeg     . . .     Faith    .   a - +0 robe
rPois    .         Spirit   .   (no helmet)
rElec    .         Reflect  .   b - scarf {cloud immunity}
rCorr    .         Harm     .   (no gloves)
MR       .....                  (no boots)
Stlth    ++........             (no amulet)
HPRegen  0.15/turn              B - ring of magical power
MPRegen  0.21/turn              (no ring)

@: no status effects
A: no striking features
a: Renounce Religion


You were on level 6 of the Dungeon.
You worshipped Vehumet.
Vehumet was noncommittal.
You were not hungry.

You visited 2 branches of the dungeon, and saw 7 of its levels.

You collected 382 gold pieces.
You spent 156 gold pieces at shops.

Inventory:

Hand Weapons
 s - a +1 vampiric dagger (weapon)
Armour
 a - a +0 robe (worn)
 b - a scarf of cloud immunity (worn)
Jewellery
 n - an uncursed ring of fire
 B - a ring of magical power (left hand)
Wands
 q - a wand of polymorph (9)
 v - a wand of iceblast (13)
Scrolls
 d - a scroll of enchant armour {unknown}
 e - 3 scrolls of blinking
 f - 3 scrolls of fear
 j - 3 scrolls of immolation
 l - 3 scrolls of remove curse
 o - a scroll of fog
 p - a scroll of summoning {unknown}
 t - a scroll of amnesia
 x - a scroll of teleportation
 y - a scroll of magic mapping
Potions
 g - a potion of lignification {unknown}
 h - 2 potions of mutation {unknown}
 i - a potion of brilliance {unknown}
 k - 5 potions of curing
 m - a potion of berserk rage {unknown}
 r - a potion of invisibility {unknown}
 u - 2 potions of agility
 w - 5 potions of heal wounds
 z - 2 potions of flight
Comestibles
 c - 12 rations
 A - a chunk of flesh


   Skills:
 + Level 3.4 Fighting
 - Level 2.0 Short Blades
 - Level 2.4 Dodging
 - Level 2.4 Stealth
 + Level 6.4 Spellcasting
 * Level 8.3 Conjurations
 + Level 5.0 Hexes


You had one spell level left.
You knew the following spells:

 Your Spells              Type           Power        Failure   Level  Hunger
a - Magic Dart            Conj           ####         1%          1    None
b - Searing Ray           Conj           #####.       1%          2    None
c - Dazzling Spray        Conj/Hex       #####.       1%          3    #......
d - Iskenderun's Mystic   Conj           #####...     2%          4    ###....
e - Fulminant Prism       Conj/Hex       #####.....   5%          4    ###....
f - Force Lance           Conj/Tloc      ####....     14%         4    ###....

Your spell library contained the following spells:

 Spells                   Type           Power        Failure   Level  Hunger
 Confusing Touch          Hex            ####..       1%          1    None
 Confuse                  Hex            ####....     3%          3    #......
 Gell's Gravitas          Tloc           #.........   24%         3    #......
 Petrify                  Tmut/Erth      #.......     63%         4    ###....
 Metabolic Englaciation   Hex/Ice        ###.......   63%         5    #####..
 Yara's Violent Unravell  Hex/Tmut       ###.......   63%         5    #####..


Dungeon Overview and Level Annotations

Branches:
Dungeon (6/15)             Temple (1/1) D:5

Altars:
Ashenzari
Cheibriados
Dithmenos
Elyvilon
Fedhas
Gozag
Hepliaklqana
Kikubaaqudgha
Makhleb
Nemelex Xobeh
Okawaru
Qazlal
Ru
Sif Muna
Trog
Uskayaw
Vehumet
Wu Jian
Xom
Yredelemnul
Zin
The Shining One

Shops:
D:5 (

Annotations:
D:6 exclusion: fulminant prism


Message History

Unknown command.
Casting: Searing Ray (safe; 1% risk of failure)
Confirm with . or Enter, or press ? or * to list all spells.
Aiming: Searing Ray (safe; 1% risk of failure)
Press: ? - help, Shift-Dir - straight line The searing ray hits something! (Press . to maintain the ray.)
Something hits you.
* * * LOW HITPOINT WARNING * * *
Something shocks you.
* * * LOW HITPOINT WARNING * * *
The searing ray hits something.
Vehumet accepts your kill.
Reactivating autopickup.
Your Hexes skill increases to level 5!
You feel a bit more experienced.
An electric eel comes into view.
The electric eel shoots out a bolt of lightning at you!
The bolt of electricity hits you!
You die...

#.....#..##
##### ##..#
#..## ##..#
#..# ##.##
#..#
♣P########.#
♣≈......@>#
♣≈≈;#########
P≈≈≈≈ ≈≈≈*
≈≈≈ ≈; ≈≈≈
≈≈≈≈ ≈≈≈≈♣♣
######


You could see an electric eel.

Vanquished Creatures
  2 ice beasts
  A sky beast (D:6)
  2 ogres
  A centaur (D:4)
  2 electric eels (D:6)
  2 howler monkeys (D:4)
  A jelly (D:6)
  A hound (D:4)
  4 orc priests (D:3)
  3 orc wizards (D:5)
  Terence (D:2)
  Natasha (D:4)
  2 worker ants
  2 hound zombies
  3 gnolls (D:2)
  6 adders
  2 oozes (D:1)
  4 worms
  3 dart slugs
  A leopard gecko (D:3)
  21 orcs
  4 ball pythons
  13 bats
  4 giant cockroaches
  9 hobgoblins
  12 jackals
  11 kobolds
  3 quokkas
  4 frilled lizards
  13 goblins
  2 quokka skeletons (D:4)
  9 rats
149 creatures vanquished.

Vanquished Creatures (others)
  A jackal (D:6)
  A rat (D:3)
  7 fulminant prisms
9 creatures vanquished.

Grand Total: 158 creatures vanquished

Notes
Turn   | Place    | Note
-------+----------+-------------------------------------------
     0 | D:1      | KamiKatze the Deep Elf Conjurer began the quest for the
                  | Orb.
     0 | D:1      | Reached XP level 1. HP: 10/10 MP: 6/6
   343 | D:1      | Reached XP level 2. HP: 16/16 MP: 4/8
   687 | D:1      | Reached skill level 5 in Conjurations
   694 | D:1      | Learned a level 2 spell: Searing Ray
   750 | D:1      | Reached XP level 3. HP: 18/20 MP: 8/10
  1034 | D:1      | Learned a level 3 spell: Dazzling Spray
  1102 | D:2      | Noticed Terence
  1194 | D:2      | Reached skill level 1 in Fighting
  1469 | D:2      | Reached skill level 1 in Hexes
  1473 | D:2      | Reached XP level 4. HP: 25/25 MP: 2/11
  1483 | D:2      | Learned a level 4 spell: Iskenderun's Mystic Blast
  2224 | D:2      | Killed Terence
  2328 | D:2      | Reached XP level 5. HP: 29/29 MP: 7/13
  2373 | D:2      | Noticed an ogre
  2525 | D:2      | Killed an ogre
  2525 | D:2      | Reached skill level 6 in Conjurations
  2830 | D:3      | Reached XP level 6. HP: 32/35 MP: 4/15
  3324 | D:3      | Found a sparkling altar of Nemelex Xobeh.
  3609 | D:3      | Reached skill level 5 in Spellcasting
  3630 | D:3      | Learned a level 4 spell: Fulminant Prism
  3985 | D:4      | Reached skill level 7 in Conjurations
  3985 | D:4      | Reached XP level 7. HP: 20/40 MP: 12/16
  4339 | D:4      | Noticed Natasha
  4635 | D:4      | Killed Natasha
  4766 | D:5      | Entered Level 5 of the Dungeon
  4768 | D:5      | Found Plog's Weapon Emporium.
  5159 | D:5      | Bought a +1 vampiric dagger for 156 gold pieces
  5278 | D:5      | HP: 1/40 [ice beast (6)]
  5916 | D:5      | Learned a level 4 spell: Force Lance
  5922 | D:5      | Found a staircase to the Ecumenical Temple.
  5931 | Temple   | Entered the Ecumenical Temple
  6185 | Temple   | Became a worshipper of Vehumet
  6453 | D:5      | Reached skill level 1 in Short Blades
  6573 | D:6      | Reached XP level 8. HP: 46/46 MP: 14/19
  6589 | D:6      | Reached skill level 8 in Conjurations
  7109 | D:6      | Reached skill level 5 in Hexes
  7112 | D:6      | Killed from afar by an electric eel

Skill      XL: |  1  2  3  4  5  6  7  8 |
---------------+-------------------------+-----
Conjurations   | 5 6 7 8 |  8.3
Fighting       | 1 2 3 |  3.4
Hexes          | 1 2 3 4 5 |  5.0
Spellcasting   | 4 5 6 |  6.4
Short Blades   | 1 2 |  2.0
Dodging        | |  2.4
Stealth        | |  2.4

Action                   |  1- 3 |  4- 6 |  7- 9 || total
-------------------------+-------+-------+-------++-------
Melee: Dagger            |     6 |     3 |     9 ||    18
 Cast: Magic Dart        |    65 |    68 |    39 ||   172
       Searing Ray       |     4 |    28 |    22 ||    54
       Fulminant Prism   |       |       |     7 ||     7
  Use: Scroll            |       |    10 |     2 ||    12
 Stab: Sleeping          |       |     1 |     1 ||     2
  Eat: Chunk             |     2 |     7 |     8 ||    17
       Ration            |       |       |     2 ||     2
Armor: Robe              |     5 |     3 |     3 ||    11
       Skin              |       |     3 |       ||     3
Dodge: Dodged            |    29 |    45 |    13 ||    87
